 Dungeon Crawl Stone Soup version 0.29.1-15-g9cfb28693d (webtiles) character file.

Game seed: 14822605181873102352

46 ThatPearl the Insei (level 3, -2/29 HPs)
             Began as a Demigod Transmuter on Mar 11, 2023.
             Slain by a gnoll
             ... wielding a +0 flail
              (7 damage)
             ... on level 2 of the Dungeon.
             The game lasted 00:04:42 (1621 turns).

ThatPearl the Insei (Demigod Transmuter)            Turns: 1621, Time: 00:04:42

Health: -2/29      AC:  2    Str: 11    XL:     3   Next: 26%
Magic:  7/8        EV: 12    Int: 19    God:
Gold:   32         SH:  0    Dex: 20    Spells: 5/6 levels left

rFire   . . .      SeeInvis .     - Unarmed
rCold   . . .      Faith    .   (no shield)
rNeg    . . .      Spirit   .   a - +0 robe
rPois   .          Reflect  .   (helmet currently unavailable)
rElec   .          Harm     .   (no cloak)
rCorr   .          Rampage  .   (no gloves)
Will    .....                   (boots currently unavailable)
Stlth   ++........              (no amulet)
HPRegen 0.09/turn               i - +6 ring of dexterity
MPRegen 0.11/turn               (no ring)

@: appendages
A: horns 2, talons 2, high MP 1, forlorn, divine attributes
a: End Transformation


You were on level 2 of the Dungeon.
You had temporarily grown beastly horns and talons.
You visited 1 branch of the dungeon, and saw 2 of its levels.

You collected 32 gold pieces.

Inventory:

Missiles
 d - 6 boomerangs
Armour
 a - a +0 robe (worn)
 f - a +1 pair of boots
Jewellery
 i - a +6 ring of dexterity (left hand)
Scrolls
 c - a scroll of fear {unknown}
 e - 3 scrolls of identify {unknown}
 j - a scroll of enchant armour {unknown}
Potions
 b - 2 potions of lignification
 g - a potion of flight {unknown}
 h - a potion of curing {unknown}


   Skills:
 + Level 1.6 Fighting
 - Level 1.7 Dodging
 + Level 3.1 Unarmed Combat
 + Level 2.2 Spellcasting
 + Level 2.3 Transmutations


You had 5 spell levels left.
You knew the following spells:

 Your Spells              Type           Power      Damage    Failure   Level
a - Beastly Appendage     Tmut           22%        N/A       6%          1

Your spell library contained the following spells:

 Spells                   Type           Power      Damage    Failure   Level
 Wereblood                Tmut           11%        N/A       10%         2
 Spider Form              Tmut/Pois      6%         N/A       30%         3
 Ice Form                 Ice/Tmut       6%         N/A       71%         4


Dungeon Overview and Level Annotations

Branches:
Dungeon (2/15)


Innate Abilities, Weirdness & Mutations

You have temporarily grown beastly horns and talons.
You have an increased reservoir of magic. (+10% MP)
You shall have no god before yourself.
Your divine heritage dramatically boosts your attributes as you level up.


Message History

The rat bites you but does no damage.
You completely miss the rat. The rat closely misses you.
You hit the rat.
The rat is moderately wounded.
The rat closely misses you.
You hit the rat.
You kill the rat!
Found a club.
A gnoll comes into view. It is wielding a +0 club.
The gnoll moves out of view.
Found a dagger.
There is an open door here.
A gnoll and a goblin come into view.
The goblin shouts!
You hear a shout!
A goblin is nearby! 2 gnolls come into view.
The gnoll moves out of view.
The gnoll shouts!
Casting: Beastly Appendage (safe; 6% risk of failure)
Confirm with . or Enter, or press ? or * to list all spells.
You grow a pair of large bovine horns.
Your feet morph into talons.
You closely miss the goblin. You claw the goblin, but do no damage.
The goblin hits you with a +0 club.
You hit the goblin.
You kill the goblin!
The gnoll hits you from afar with a +0 trident!
You barely miss the gnoll. You claw the gnoll.
The gnoll is lightly wounded.
The gnoll hits you with a +0 club. The gnoll closely misses you.
You hit the gnoll but do no damage. You claw the gnoll.
Your headbutt misses the gnoll.
The gnoll is moderately wounded.
The gnoll barely misses you. The gnoll closely misses you.
You hit the gnoll. Your kick misses the gnoll.
The gnoll is severely wounded.
The gnoll barely misses you.
The gnoll hits you from afar with a +0 trident!
* * * LOW HITPOINT WARNING * * *
The gnoll attacks as you move away! The gnoll hits you with a +0 flail!
You die...

#.....# #.....#
#.....#
#.....########
#............#
#########'##........#
..........##....)...#
####.....##........#
#.@g..##........+
#g)...##........#
#.g.).##........#
#.....##.##'#####
#.....# #.....#
#...... ..##'###


You could see 3 gnolls.

Vanquished Creatures
  2 worms (D:2)
  A dart slug (D:1)
  An orc (D:2)
  2 bats (D:1)
  An endoplasm (D:1)
  A giant cockroach (D:1)
  5 goblins
  2 hobgoblins (D:1)
  2 jackals (D:2)
  2 kobolds
  3 quokkas (D:1)
  4 ball pythons
  2 frilled lizards (D:1)
  8 rats
36 creatures vanquished.

Notes
Turn   | Place    | Note
-------+----------+-------------------------------------------
     0 | D:1      | ThatPearl the Demigod Transmuter began the quest for the
                  | Orb.
     0 | D:1      | Reached XP level 1. HP: 15/15 MP: 5/5
    43 | D:1      | Reached skill level 1 in Fighting
   126 | D:1      | Found Zeycza's Antique Weapon Boutique.
   386 | D:1      | Reached XP level 2. HP: 23/23 MP: 5/7
   949 | D:1      | Reached skill level 3 in Unarmed Combat
  1319 | D:2      | Reached XP level 3. HP: 17/28 MP: 6/8
  1621 | D:2      | Slain by a gnoll

Illustrated notes

Levels and vault maps discovered:
D:1:      dpeg_arrival_lava_temple_mockup, layout_basic, serial_shops, shop,
          hangedman_feature_mirror, minmay_octomino_e4
D:2:      layout_basic

Skill      XL: |  1  2 |
---------------+-------+-----
Fighting       | 1 |  1.6
Transmutations | 2 |  2.3
Spellcasting   | 2 |  2.2
Unarmed Combat | 3 |  3.1
Dodging        | |  1.7

Action                   || total
-------------------------++-------
Melee: Unarmed           ||    87
       Kick              ||    19
       Headbutt          ||    10
       Punch             ||     4
 Cast: Beastly Appendage ||    13
Armor: Robe              ||    14
Dodge: Dodged            ||    48
